[Event "4th Chessfestival Gredine 2018"]
[Site "Ortisei"]
[Date "2018.06.17"]
[Round "2.14"]
[White "Borgo, Giulio"]
[Black "Seyb, Dieter"]
[Result "1-0"]
[ECO "A04"]
[WhiteElo "2397"]
[BlackElo "2179"]
[Annotator "NA"]
[PlyCount "109"]
[EventDate "2018.06.16"]
[EventType "swiss"]
[EventCountry "ITA"]
[SourceTitle "playchess.com"]
[Source "ChessBase"]
[SourceQuality "1"]
[TimeControl "40/5400+30:1800+30"]

1. Nf3 b6 2. g3 Bb7 3. Bg2 e5 4. d3 g6 5. c4 Bg7 6. Nc3 Ne7 7. e4 Nbc6 8. Nd5 Nxd5 9. cxd5 Nd4 10. Nxd4 exd4 11. h4 O-O 12. h5 Qe7 $14 13. O-O c6 14. Bd2 Rfe8 15. hxg6 hxg6 16. Re1 a5 17. a4 Qd6 18. Qb3 cxd5 19. exd5 Rxe1+ 20. Rxe1 Bf8 21. Rc1 Rc8 22. Rxc8 Bxc8 23. Qc4 Qc5 24. Bg5 Kg7 25. Bd8 Bb7 26. g4 f6 27. g5 fxg5 28. Bxg5 Qxc4 29. dxc4 Kf7 30. Bd8 Bc5 31. Bh3 Ke8 32. Bg5 Be7 33. Bf4 Bc5 34. b3 Ke7 35. Bg2 Bc8 36. Bh3 Kd8 37. Kf1 d6 38. Bg5+ Kc7 39. Be6 Bxe6 40. dxe6 d3 41. f3 Kc8 42. Ke1 Bb4+ 43. Kd1 Kc7 44. Bf6 Kc8 45. Bd4 Kd8 46. Bxb6+ Ke7 47. Be3 Kxe6 48. Bd2 Bc5 49. Bxa5 Ke5 50. Bc7 Kd4 51. a5 d5 52. cxd5 Kxd5 53. Kd2 Kc6 54. Be5 Kd5 55. Bc3 1-0

[Event "4th Chessfestival Gredine 2018"]
[Site "Ortisei"]
[Date "2018.06.17"]
[Round "2.15"]
[White "Hoffmann, Sebastian"]
[Black "Herzog, Adolf"]
[Result "1/2-1/2"]
[ECO "C00"]
[WhiteElo "2105"]
[BlackElo "2344"]
[Annotator "NA"]
[PlyCount "70"]
[EventDate "2018.06.16"]
[EventType "swiss"]
[EventCountry "ITA"]
[SourceTitle "playchess.com"]
[Source "ChessBase"]
[SourceQuality "1"]
[TimeControl "40/5400+30:1800+30"]

1. e4 e6 2. Qe2 Nf6 3. g3 {[%emt 0:00:00] C00: French: Unusual White 2nd moves} (3. e5 Nd5 4. d4 c5 5. Nf3 Nc6 6. dxc5 Bxc5 7. g3 O-O 8. Bg2 f6 9. c4 Nb6 10. O-O fxe5 11. Nxe5 {0-1 (47) Matinian,N (2490)-Volkov,S (2618) Khanty-Mansiysk 2016}) 3... d5 4. d3 Nc6 5. Bg2 dxe4 6. dxe4 e5 7. Nf3 Bg4 8. c3 Bd6 $146 ({Predecessor:} 8... Bc5 9. b4 Bb6 10. a4 a5 {1-0 (29) Fingerov,D (2374)-Domakov,N Odessa 2003}) 9. O-O Qd7 10. Rd1 O-O 11. Na3 Rad8 12. Nc4 Qe6 13. Nxd6 Rxd6 14. Rxd6 Qxd6 15. h3 Bc8 16. Bg5 Rd8 17. Bxf6 Qxf6 18. Rd1 Rd6 19. Rxd6 Qxd6 20. Qd2 Kf8 21. Qxd6+ cxd6 22. Kf1 Be6 23. b3 Ke7 24. Ke2 f6 25. Ke3 Nb8 26. Ne1 Nd7 27. Nd3 a5 28. Nb2 Nc5 29. b4 $11 Na6 30. a3 Nc7 31. Bf1 d5 32. exd5 Nxd5+ 33. Kd3 axb4 34. cxb4 Bf5+ 35. Kc4 Kd6 1/2-1/2

[Event "4th Chessfestival Gredine 2018"]
[Site "Ortisei"]
[Date "2018.06.17"]
[Round "2.16"]
[White "Cappelletto, Joshuaede"]
[Black "Hecht, Hans-Joachim"]
[Result "0-1"]
[ECO "B07"]
[WhiteElo "2000"]
[BlackElo "2327"]
[Annotator "NA"]
[PlyCount "44"]
[EventDate "2018.06.16"]
[EventType "swiss"]
[EventCountry "ITA"]
[SourceTitle "playchess.com"]
[Source "ChessBase"]
[SourceQuality "1"]
[TimeControl "40/5400+30:1800+30"]

1. e4 d6 2. Nc3 g6 3. d4 Bg7 4. h4 Nf6 5. Be2 Nc6 6. h5 gxh5 7. f3 {[%emt 0:02:30] B07: Pirc-Ufimzew-Verteidigung} (7. f4 e5 8. dxe5 dxe5 9. Qxd8+ Kxd8 10. Nf3 Bg4 11. fxe5 Nd7 12. Nd5 Ndxe5 13. Bf4 Bxf3 14. gxf3 Nd4 {1-0 (47) Jobava,B (2687)-Arutinian,D (2548) Tbilisi 2009}) 7... e5 8. d5 Ne7 9. Bg5 $146 ({Vorgänger:} 9. Be3 Ng6 10. g3 a6 11. Qd2 Qe7 12. O-O-O Bd7 13. Bd3 b5 14. a3 c5 {1-0 (67) Baljon,C-Meulders,R Groningen 1971}) 9... Ng6 10. Rxh5 (10. Bb5+ $14 Ke7 11. a4) 10... h6 11. Bb5+ Kf8 12. Bh4 Nxh4 13. Rxh4 Nxd5 14. Nxd5 (14. Rh2 $142 Nxc3 15. bxc3) 14... Qxh4+ 15. g3 $2 (15. Kf1 Qd8 16. Bc4) 15... Qxg3+ 16. Ke2 Qg2+ 17. Ke3 Qg5+ 18. Kf2 Qd8 19. Ne3 c6 20. Bc4 h5 21. Ne2 Bh6 22. Qh1 $19 Qb6 0-1

[Event "4th Chessfestival Gredine 2018"]
[Site "Ortisei"]
[Date "2018.06.17"]
[Round "2.18"]
[White "Volkov, Dmitriy"]
[Black "Wecker, Martin"]
[Result "1/2-1/2"]
[ECO "B48"]
[WhiteElo "2334"]
[BlackElo "2143"]
[Annotator "NA"]
[PlyCount "76"]
[EventDate "2018.06.16"]
[EventType "swiss"]
[EventCountry "ITA"]
[SourceTitle "playchess.com"]
[Source "ChessBase"]
[SourceQuality "1"]
[TimeControl "40/5400+30:1800+30"]

1. e4 c5 2. Nf3 e6 3. d4 cxd4 4. Nxd4 Nc6 5. Nc3 Qc7 6. Be3 {[%emt 0:00:00] LiveBook: 7353 Games} a6 7. Qf3 {[%emt 0:00:00] B48: Sizilianisch (Paulsen-Variante)} Bd6 (7... Nf6 8. O-O-O Ne5 9. Qg3 b5 10. a3 Bb7 11. Bxb5 Rc8 12. Ba4 Nxe4 13. Nxe4 Bxe4 14. Bf4 Qc4 15. Bxe5 Qxa4 {1-0 (38) Vachier Lagrave,M (2789)-Anand,V (2776) Karlsruhe/Baden-Baden 2018}) 8. O-O-O Be5 9. Nxc6 bxc6 10. Bd4 Nf6 11. Bxe5 Qxe5 12. Qe3 O-O 13. Be2 d5 14. f4 $146 ({Vorgänger:} 14. Qg3 Qb8 15. Qxb8 Rxb8 {½-½ (48) Schmidt,A (2380)-Kamp,S (2220) ICCF email 2009}) 14... Qc7 15. Bf3 Bb7 16. Rhe1 Rfe8 17. e5 Nd7 18. Na4 c5 19. c4 d4 $17 ({Much worse is} 19... dxc4 $6 20. Rxd7 Qxd7 21. Nxc5 $14) 20. Qe2 Rab8 21. Bxb7 Rxb7 22. b3 f6 23. Rd3 fxe5 24. fxe5 Rf8 25. Rf3 Rbb8 26. Rxf8+ Rxf8 27. Nb2 a5 28. Kc2 Rf5 29. Nd3 a4 30. Rf1 axb3+ 31. axb3 Rxf1 32. Qxf1 Qa5 33. Kb2 Qc3+ 34. Ka2 Qd2+ 35. Ka3 Qa5+ 36. Kb2 Qc3+ 37. Ka2 Qd2+ 38. Ka3 Qa5+ 1/2-1/2

[Event "4th Chessfestival Gredine 2018"]
[Site "Ortisei"]
[Date "2018.06.17"]
[Round "2.19"]
[White "Stelzer, Harald"]
[Black "Hansson, Hakan"]
[Result "0-1"]
[ECO "C11"]
[WhiteElo "2227"]
[BlackElo "1978"]
[Annotator "NA"]
[PlyCount "98"]
[EventDate "2018.06.16"]
[EventType "swiss"]
[EventCountry "ITA"]
[SourceTitle "playchess.com"]
[Source "ChessBase"]
[SourceQuality "1"]
[TimeControl "40/5400+30:1800+30"]

1. e4 e6 2. d4 d5 3. Nc3 Nf6 4. e5 Nfd7 5. f4 g6 {[%emt 0:07:30] C11: Französische Verteidigung} (5... c5 6. Nf3 Nc6 7. Be3 cxd4 8. Nxd4 Qb6 9. Qd2 Qxb2 10. Rb1 Qa3 11. Bb5 Nxd4 12. Bxd4 a6 13. Bxd7+ Bxd7 14. Rb3 Qe7 15. Rxb7 Rc8 16. f5 exf5 17. O-O Qd8 18. Qf2 Rc4 19. Rfb1 {1-0 (41) Nepomniachtchi,I (2751)-Sutovsky,E (2647) Poikovsky 2018}) 6. Nf3 a6 7. Be3 c5 8. Qd2 Nc6 9. Nd1 c4 10. Nf2 $146 ({Vorgänger:} 10. Be2 b5 11. O-O Nb6 12. c3 Bd7 13. Bf2 Qc7 14. Ne3 O-O-O 15. Bh4 Be7 16. Bf6 Bxf6 17. exf6 {1-0 (40) Hebden,M (2455)-Guigonis,D (2325) France 1989}) 10... b5 11. g4 Bb4 12. c3 Be7 13. f5 ({Better is} 13. g5 $16) 13... gxf5 14. gxf5 exf5 15. Bh3 Nf8 16. O-O Be6 17. Bg2 Qd7 18. Nh3 O-O-O 19. b4 Ng6 20. a4 $11 Kb7 21. Nf4 Nxf4 22. Bxf4 Rhg8 23. Kh1 Ra8 24. Ne1 Qd8 25. Nc2 Qd7 26. Ne3 Rad8 27. Bh3 Ra8 28. Ra2 Rgd8 29. Nc2 Rg8 30. Qe2 bxa4 31. Ne3 Na7 32. Qc2 Nb5 33. Bg2 Qc6 34. Raa1 a3 35. Nxf5 Bxf5 36. Qxf5 Qe6 37. Qc2 Raf8 38. Bc1 Rg6 39. Bxa3 Nxa3 40. Rxa3 Rfg8 41. Bf3 Kb8 42. Raa1 Bg5 43. b5 Qh3 44. Bxd5 Be3 45. Qe2 a5 46. Rae1 Rg3 47. e6 fxe6 48. Bxe6 Qxe6 49. Qh5 Qe4+ 0-1

[Event "4th Chessfestival Gredine 2018"]
[Site "Ortisei"]
[Date "2018.06.17"]
[Round "2.20"]
[White "Sarvadh Sathiaram"]
[Black "Wiesinger, Robert"]
[Result "0-1"]
[ECO "C54"]
[WhiteElo "1974"]
[BlackElo "2199"]
[Annotator "NA"]
[PlyCount "94"]
[EventDate "2018.06.16"]
[EventType "swiss"]
[EventCountry "ITA"]
[SourceTitle "playchess.com"]
[Source "ChessBase"]
[SourceQuality "1"]
[TimeControl "40/5400+30:1800+30"]

1. e4 e5 2. Nf3 Nc6 3. Bc4 Bc5 4. c3 Nf6 5. d4 exd4 6. e5 d5 7. Bb5 Ne4 8. cxd4 Bb6 9. h3 O-O 10. O-O Ne7 11. Be3 Ng6 12. Nc3 Bf5 13. Bd3 c6 14. Bxe4 Bxe4 15. Ng5 h6 16. Ngxe4 dxe4 17. Nxe4 Qd5 18. Nc3 Qd7 19. Qd2 Rad8 20. Rad1 Ne7 21. g4 Nd5 22. Ne4 f5 23. exf6 Nxf6 24. Ng3 Qd5 25. Bxh6 Ne4 26. Nxe4 Qxe4 27. Rfe1 Qh7 28. Bg5 Rxd4 29. Qc3 Rxd1 30. Rxd1 Bxf2+ 31. Kh2 Qe4 32. Rd7 Bd4 33. Qxd4 Qe2+ 34. Kg3 Qe1+ 35. Kg2 Qf1+ 36. Kh2 Qe2+ 37. Kg3 Qe1+ 38. Kg2 Qf1+ 39. Kh2 Rf2+ 40. Qxf2 Qxf2+ 41. Kh1 Qxb2 42. Rd2 Qe5 43. h4 Qe4+ 44. Kh2 Qxg4 45. Rd8+ Kh7 46. Rb8 Qe2+ 47. Kh1 c5 0-1

[Event "4th Chessfestival Gredine 2018"]
[Site "Ortisei"]
[Date "2018.06.18"]
[Round "3.11"]
[White "Herzog, Adolf"]
[Black "Schnelzer, Reinhold"]
[Result "1-0"]
[ECO "B01"]
[WhiteElo "2344"]
[BlackElo "2182"]
[Annotator "NA"]
[PlyCount "129"]
[EventDate "2018.06.16"]
[EventType "swiss"]
[EventCountry "ITA"]
[SourceTitle "playchess.com"]
[Source "ChessBase"]
[SourceQuality "1"]
[TimeControl "40/5400+30:1800+30"]

1. e4 d5 2. exd5 Qxd5 3. Nc3 Qd6 4. d4 Nf6 5. Nf3 c6 {[%emt 0:00:00] LiveBook: 1003 Games} 6. Ne5 Nbd7 {[%emt 0:00:00] B01: Scandinavian Defence} 7. f4 g6 8. Bc4 e6 9. O-O Bg7 10. a4 O-O 11. a5 $146 ({Predecessor:} 11. b3 Qc7 12. Ba3 Re8 13. Qf3 Nb6 14. Bd3 {0-1 (38) Svetushkin,D (2576)-Kasparov,S (2503) Vrachati 2011}) 11... Rb8 12. Kh1 b5 (12... Qc7 $11 {keeps the balance.}) 13. axb6 axb6 14. Qe2 b5 15. Bb3 b4 16. Nd1 c5 17. f5 gxf5 18. Bf4 Nd5 19. Bxd5 Qxd5 20. c4 bxc3 21. Nxc3 Qb7 22. Nxd7 Bxd7 23. Bxb8 Rxb8 24. dxc5 Bc6 25. Rfd1 Bf6 26. h3 Kh8 27. Rg1 Rg8 28. Rad1 Qb4 29. Rd2 Be7 30. Qe3 Qh4 31. Rd3 Rg6 32. b4 Qxb4 33. Qe5+ Bf6 34. Qd6 Qb7 35. Ne2 Be4 36. Rg3 Kg7 37. Nf4 Rxg3 38. Nh5+ Kh6 39. Nxg3 Kg6 40. Nxe4 Qxe4 41. Qg3+ Kh6 42. Qf3 Qc4 43. c6 Be5 $2 (43... Bg5 44. Rd1 Qc5) 44. g4 f4 45. Re1 Bc7 46. h4 e5 47. Kg2 Kg7 48. g5 h6 $11 49. Kh2 e4 50. gxh6+ Kxh6 51. Qxe4 Qc3 52. Kg1 Qg3+ 53. Kf1 f3 54. Qe3+ Bf4 55. Qg1 Qh3+ 56. Kf2 Qxh4+ 57. Kxf3 Bh2 58. Qe3+ Kg7 59. Qe4 Qf6+ 60. Kg2 Bf4 61. Rf1 Qg5+ 62. Kf3 Qg3+ 63. Ke2 Qg4+ 64. Kd3 Qh3+ 65. Rf3 1-0

[Event "4th Chessfestival Gredine 2018"]
[Site "Ortisei"]
[Date "2018.06.18"]
[Round "3.12"]
[White "Hansson, Hakan"]
[Black "Bertagnolli, Alexander"]
[Result "0-1"]
[ECO "D38"]
[WhiteElo "1978"]
[BlackElo "2398"]
[Annotator "NA"]
[PlyCount "56"]
[EventDate "2018.06.16"]
[EventType "swiss"]
[EventCountry "ITA"]
[SourceTitle "playchess.com"]
[Source "ChessBase"]
[SourceQuality "1"]
[TimeControl "40/5400+30:1800+30"]

1. d4 Nf6 2. Nf3 d5 3. c4 e6 4. Nc3 Bb4 5. Qb3 c5 6. cxd5 {[%emt 0:08:30] LiveBook: 39 Games} exd5 7. e3 Nc6 8. Bb5 O-O 9. O-O c4 10. Qd1 Bg4 $15 11. Bxc6 bxc6 12. Bd2 Qc8 13. Qe2 Rb8 14. Rfc1 Qf5 15. Kf1 Ne4 16. Nxe4 dxe4 17. Bxb4 Rxb4 18. Qd2 Qb5 19. a4 Rxa4 20. Rxa4 c3+ 21. Qe2 cxb2 22. Rb1 Qxa4 23. Qxb2 exf3 24. h3 Bf5 25. Ra1 Qb5+ 26. Qxb5 fxg2+ 27. Kxg2 cxb5 28. Rxa7 Rb8 0-1

[Event "4th Chessfestival Gredine 2018"]
[Site "Ortisei"]
[Date "2018.06.18"]
[Round "3.13"]
[White "Bosbach, Gerhard"]
[Black "Volkov, Dmitriy"]
[Result "0-1"]
[ECO "E73"]
[WhiteElo "2161"]
[BlackElo "2334"]
[Annotator "ChessBase"]
[PlyCount "76"]
[EventDate "2018.06.16"]
[EventType "swiss"]
[EventCountry "ITA"]
[SourceTitle "playchess.com"]
[Source "ChessBase"]
[SourceQuality "1"]
[TimeControl "40/5400+30:1800+30"]

1. d4 {[%emt 0:00:30] 6} Nf6 {[%emt 0:01:00] 6} 2. c4 {[%emt 0:00:00] 6} g6 3. Nc3 Bg7 4. e4 d6 5. Be2 O-O 6. Bg5 Na6 7. Qd2 e5 8. d5 Qe8 9. Bh6 Nc5 10. Bxg7 Kxg7 11. f3 a5 12. h4 Qe7 13. Bd3 Bd7 14. Nge2 c6 15. Bc2 cxd5 16. cxd5 b5 17. h5 b4 18. Nd1 Ng8 19. hxg6 fxg6 20. Nf2 Bb5 21. Nd3 Bxd3 22. Bxd3 Rf7 23. O-O-O Nxd3+ 24. Qxd3 Qg5+ 25. Kb1 Qxg2 26. f4 exf4 27. Nd4 Nf6 28. Nf5+ Kf8 29. Nxd6 Rd7 30. e5 Ng4 31. Rhf1 Nxe5 32. Rxf4+ Kg8 33. Qe3 Rxd6 34. Qxe5 Rad8 35. Qe7 Rc8 36. Qf7+ Kh8 37. Rf2 Qe4+ 38. Ka1 Qxd5 0-1

[Event "4th Chessfestival Gredine 2018"]
[Site "Ortisei"]
[Date "2018.06.18"]
[Round "3.14"]
[White "Sarkar, Justin"]
[Black "Voltolini, Giuseppe"]
[Result "1-0"]
[ECO "D48"]
[WhiteElo "2297"]
[BlackElo "2150"]
[Annotator "NA"]
[PlyCount "71"]
[EventDate "2018.06.16"]
[EventType "swiss"]
[EventCountry "ITA"]
[SourceTitle "playchess.com"]
[Source "ChessBase"]
[SourceQuality "1"]
[TimeControl "40/5400+30:1800+30"]

1. d4 Nf6 2. c4 e6 3. Nf3 c5 4. e3 d5 5. Nc3 a6 6. dxc5 Bxc5 7. a3 {[%emt 0:00:30] LiveBook: 96 Games} O-O 8. b4 Be7 9. Bb2 dxc4 10. Bxc4 b5 11. Bd3 Bb7 12. O-O Nbd7 13. e4 {[%emt 0:02:30] D48: Semi-Slav: Meran System: 7...b5 8 Bd3 a6} (13. Qe2 Bxf3 14. gxf3 Ne5 15. Rfd1 Nxd3 16. Rxd3 Qc7 17. Ne4 Nxe4 18. fxe4 Rfd8 19. Rc1 Qb7 20. Qg4 Bf8 {½-½ (42) Zhukova,N (2438)-Ibarra Jerez,J (2577) Caleta 2018}) 13... Rc8 14. Qe2 Qc7 15. Rfc1 $146 ({Predecessor:} 15. Rac1 Qb8 16. Nb1 Ng4 17. Nbd2 Bd6 {0-1 (70) Tokranovs,D (2325)-Westerberg,J (2469) Pardubice 2017}) 15... Qb8 16. h3 $15 Rfd8 17. Qe3 Bd6 18. Ne2 Ne5 19. Nxe5 Bxe5 20. Bxe5 Qxe5 21. f4 Qb2 22. Rcb1 Rxd3 23. Qxd3 Bxe4 24. Rxb2 Bxd3 25. Rc1 Bc4 26. Nc3 h5 27. Rd2 Bd5 28. Ne2 Bc4 29. Rd6 Ra8 30. Nd4 Ne4 31. Rb6 Rd8 32. Nc6 Rd2 33. Ne5 h4 34. Nxc4 bxc4 35. Rxa6 c3 36. Rc6 1-0

[Event "4th Chessfestival Gredine 2018"]
[Site "Ortisei"]
[Date "2018.06.18"]
[Round "3.15"]
[White "Wecker, Martin"]
[Black "Kumar, Nikhil"]
[Result "0-1"]
[ECO "E17"]
[WhiteElo "2143"]
[BlackElo "2286"]
[Annotator "NA"]
[PlyCount "80"]
[EventDate "2018.06.16"]
[EventType "swiss"]
[EventCountry "ITA"]
[SourceTitle "playchess.com"]
[Source "ChessBase"]
[SourceQuality "1"]
[TimeControl "40/5400+30:1800+30"]

1. d4 Nf6 2. c4 e6 3. Nf3 b6 4. g3 Bb7 5. Bg2 Be7 6. O-O O-O 7. Re1 d5 8. cxd5 exd5 9. Nc3 Nbd7 10. Bf4 c5 11. dxc5 Nxc5 12. Nd4 Nce4 13. Nxe4 Nxe4 14. a3 Bf6 15. Be3 Re8 16. Rc1 Qd7 17. Qd3 g6 $11 18. b4 Rad8 19. Red1 Nd6 20. Nf3 Nf5 21. Bh3 Bc8 22. Bd4 Qe7 {[%emt 0:00:30] 2 [%clk 0:15:54]} 23. Bxf6 Qxf6 24. Bf1 Nd6 25. Qxd5 Ne4 26. Qc4 Bg4 27. Rxd8 Qxd8 28. Qc7 Qf6 29. Qc6 Re6 30. Qa8+ Kg7 31. Bg2 Nc3 32. Bf1 Nxe2+ 33. Bxe2 Rxe2 34. Kg2 Rxf2+ 35. Kxf2 Qb2+ 36. Rc2 Qxc2+ 37. Ke3 Qc3+ 38. Kf4 Qf6+ 39. Kxg4 Qf5+ 40. Kh4 Qh5# 0-1

[Event "4th Chessfestival Gredine 2018"]
[Site "Ortisei"]
[Date "2018.06.18"]
[Round "3.16"]
[White "Thiel, Thomas"]
[Black "Behling, Robert"]
[Result "1-0"]
[ECO "D02"]
[WhiteElo "2261"]
[BlackElo "2128"]
[Annotator "NA"]
[PlyCount "97"]
[EventDate "2018.06.16"]
[EventType "swiss"]
[EventCountry "ITA"]
[SourceTitle "playchess.com"]
[Source "ChessBase"]
[SourceQuality "1"]
[TimeControl "40/5400+30:1800+30"]

1. d4 {[%emt 0:00:30] 2} d5 {[%emt 0:01:00] 2} 2. Bf4 {[%emt 0:00:00] 2} Nf6 3. e3 c5 4. Nf3 Nc6 5. Nbd2 {[%emt 0:00:30] D02: 1 d4 d5 2 Nf3 sidelines, including 2...Nf6 3 g3 and 2...Nf6 3 Bf4} (5. c3 e6 6. Nbd2 Bd6 7. dxc5 Bxc5 8. Bd3 h6 9. Qe2 Nh5 10. Bg3 Nxg3 11. hxg3 Bd7 12. e4 dxe4 13. Nxe4 Be7 14. g4 Qc7 15. g5 O-O-O 16. gxh6 gxh6 {½-½ (101) Mamedyarov,S (2809)-Nakamura,H (2787) Moscow 2018}) 5... cxd4 6. exd4 Qb6 7. Nb3 Bf5 8. c3 h6 $146 ({Predecessor:} 8... e6 9. Be2 h6 10. a4 a5 11. O-O Be7 12. Ne5 O-O {0-1 (50) Rakesh,K (2247)-Kiewra,K (2454) Douglas 2016}) 9. a4 a5 10. Bb5 e6 11. Ne5 Be7 12. Nc5 Bxc5 13. dxc5 Qxc5 14. Qd4 Qxd4 15. cxd4 g5 16. Bd2 Ke7 17. Bxc6 bxc6 18. Bxa5 Rhc8 19. Bb4+ Ke8 20. h4 Nd7 21. Nxd7 Kxd7 22. Bc5 f6 23. Kd2 g4 24. a5 Ra6 25. Rhe1 h5 26. Ra3 Rb8 27. Bb6 e5 28. Rc1 Kd6 29. Re3 e4 30. Kc3 Rc8 31. b4 Raa8 32. Kd2 Re8 33. Rec3 Bd7 34. Ke3 Rec8 35. Kf4 Ke6 36. Ra3 Ra6 37. Rg3 f5 38. Rgc3 Raa8 39. R1c2 $16 Kf6 40. Rc5 Ke6 41. R2c3 Kf6 42. Ra3 Ra6 43. b5 cxb5 44. Rxd5 Be6 45. Rxb5 Rc2 46. d5 Bd7 47. Bd4+ Ke7 48. Rb6 Ra8 49. a6 1-0

[Event "4th Chessfestival Gredine 2018"]
[Site "Ortisei"]
[Date "2018.06.18"]
[Round "3.17"]
[White "Panjkovic, Aleksandar"]
[Black "Dittmar, Peter"]
[Result "1/2-1/2"]
[ECO "A06"]
[WhiteElo "2126"]
[BlackElo "2252"]
[Annotator "NA"]
[PlyCount "94"]
[EventDate "2018.06.16"]
[EventType "swiss"]
[EventCountry "ITA"]
[SourceTitle "playchess.com"]
[Source "ChessBase"]
[SourceQuality "1"]
[TimeControl "40/5400+30:1800+30"]

1. Nf3 {[%emt 0:00:30] 5} d5 {[%emt 0:03:00] 5} 2. d3 {[%emt 0:00:00] 5} Nc6 3. c3 g6 4. Nbd2 Bg7 5. e4 e5 6. Be2 Nge7 7. Qc2 a5 8. a4 O-O 9. O-O h6 10. Re1 Re8 11. exd5 Qxd5 12. Nc4 Be6 13. Nfd2 f5 14. Na3 Qd7 15. Nb5 Kh7 16. b3 Nd5 17. Nc4 Bf7 18. Bd2 Re7 19. Rad1 Qe8 20. Bc1 Qg8 21. Bf3 Rd7 22. g3 Rad8 23. Ba3 Bf6 24. Bg2 h5 25. Bc5 Qg7 26. Bf1 Kh8 27. Bg2 Bg8 28. Ba3 Nde7 29. Bxe7 Rxe7 30. Bxc6 bxc6 31. Na7 Bd5 32. Nxa5 Re6 33. Qe2 Ra8 34. c4 Rxa7 35. cxd5 cxd5 36. b4 c5 37. Qd2 cxb4 38. Qxb4 Rea6 39. Nb3 Rxa4 40. Qb8+ Kh7 41. Nc5 R4a5 42. Rc1 Qc7 43. Qxc7+ $11 Rxc7 44. Ne4 Rxc1 45. Nxf6+ Kg7 46. Nxh5+ gxh5 47. Rxc1 d4 1/2-1/2

[Event "4th Chessfestival Gredine 2018"]
[Site "Ortisei"]
[Date "2018.06.18"]
[Round "3.18"]
[White "Jaracz, Barbara"]
[Black "Colombo, Roberto"]
[Result "1/2-1/2"]
[ECO "B40"]
[WhiteElo "2246"]
[BlackElo "2125"]
[Annotator "NA"]
[PlyCount "61"]
[EventDate "2018.06.16"]
[EventType "swiss"]
[EventCountry "ITA"]
[SourceTitle "playchess.com"]
[Source "ChessBase"]
[SourceQuality "1"]
[TimeControl "40/5400+30:1800+30"]

1. e4 c5 2. Nf3 e6 3. d4 cxd4 4. Nxd4 Nc6 5. Nxc6 bxc6 6. Bd3 Nf6 7. O-O d5 8. Nd2 Be7 9. Qe2 {[%emt 0:01:30] LiveBook: 92 Games} Rb8 10. c4 Qc7 11. e5 Nd7 12. f4 g6 13. b3 Nc5 14. Bc2 a5 15. Rb1 Ba6 16. Kh1 $11 Nd7 17. a3 Nb6 18. Bd3 dxc4 19. Nxc4 Nxc4 20. Bxc4 Bxc4 21. Qxc4 O-O 22. Bb2 {[%emt 0:13:30] ]} Rb5 23. a4 Rd5 24. g4 Rfd8 25. f5 Bc5 26. fxe6 fxe6 27. Rbe1 Qd7 28. Bc3 Bd4 29. Rf3 Bxc3 30. Rxc3 Rd1 31. Rce3 1/2-1/2

[Event "4th Chessfestival Gredine 2018"]
[Site "Ortisei"]
[Date "2018.06.18"]
[Round "3.19"]
[White "Molina, Fabrizio"]
[Black "Riebel, Werner"]
[Result "0-1"]
[ECO "E02"]
[WhiteElo "2212"]
[BlackElo "2113"]
[Annotator "NA"]
[PlyCount "100"]
[EventDate "2018.06.16"]
[EventType "swiss"]
[EventCountry "ITA"]
[SourceTitle "playchess.com"]
[Source "ChessBase"]
[SourceQuality "1"]
[TimeControl "40/5400+30:1800+30"]

1. d4 {[%emt 0:05:30] 5} d5 {[%emt 0:01:00] 5} 2. c4 {[%emt 0:00:30] 5} e6 3. Nf3 Nf6 4. g3 dxc4 5. Bg2 Be7 6. Qa4+ {[%emt 0:08:30] LiveBook: 86 Games} Bd7 7. Qxc4 Bc6 8. Nc3 Nbd7 9. O-O O-O 10. Rd1 Nb6 11. Qd3 Bb4 12. Nd2 Bxg2 13. Kxg2 c5 14. a3 cxd4 15. axb4 dxc3 16. bxc3 Qd5+ 17. Nf3 h6 18. Be3 Nc4 19. Bc5 Rfe8 20. Qc2 Qc6 21. Qa2 Ne5 22. Rd6 Qe4 23. Rd4 Qc6 {[%emt 0:00:00] ]} 24. Rad1 Nxf3 {[%emt 0:03:00] 6} 25. exf3 b6 {[%emt 0:00:30] 4} 26. Bd6 Nd5 {[%emt 0:02:30] 5} 27. Be5 f6 28. Rc4 Qb7 29. Bd4 Kh8 30. b5 Red8 31. Ra1 Rd7 32. Qe2 Rad8 33. Rca4 e5 34. Be3 Nxc3 35. Qc4 Nxa4 36. Rxa4 Rd6 37. Qh4 f5 38. Qh5 Rf8 39. Bc1 Qf7 40. Qh4 Re6 41. Bb2 Kh7 42. Qc4 e4 43. f4 Re7 44. Qc3 Rc7 45. Qa3 Rd8 46. Be5 Rcd7 $19 47. Qa1 Kg8 48. Qc1 Rd2 49. Bc7 R8d7 50. Rxa7 e3 0-1

[Event "4th Chessfestival Gredine 2018"]
[Site "Ortisei"]
[Date "2018.06.18"]
[Round "3.20"]
[White "Lorscheid, Gerhard"]
[Black "Kornitzky, Tino"]
[Result "1/2-1/2"]
[ECO "A09"]
[WhiteElo "2200"]
[BlackElo "2112"]
[Annotator "NA"]
[PlyCount "47"]
[EventDate "2018.06.16"]
[EventType "swiss"]
[EventCountry "ITA"]
[SourceTitle "playchess.com"]
[Source "ChessBase"]
[SourceQuality "1"]
[TimeControl "40/5400+30:1800+30"]

1. g3 {[%emt 0:00:30] 4} d5 {[%emt 0:01:00] 4} 2. Bg2 {[%emt 0:00:00] 4} Nf6 3. c4 e6 4. Nf3 d4 5. O-O c5 6. d3 Nc6 7. a3 a5 8. e4 e5 9. b3 Be7 10. Ne1 h5 11. f4 ({White should try} 11. h4) 11... Bg4 12. Qc2 h4 13. h3 Bc8 $15 14. g4 exf4 15. Bxf4 Bd6 16. Bg5 Ne5 17. Nd2 Bc7 18. Nef3 Qd7 19. Nxe5 {[%emt 0:26:30] 2} Bxe5 20. Bf4 {[%emt 0:00:00] ]} Nxg4 21. hxg4 {[%emt 0:01:00] 6} h3 22. Bxe5 {[%emt 0:02:30] 3} hxg2 23. Kxg2 {[%emt 0:00:00] 5} Qxg4+ 24. Kf2 {[%emt 0:00:00] 4 [%clk 0:05:23]} 1/2-1/2